Map: Thunderbird LE

Players

Lateralus - Winner!

  • Race: Terran Terran
  • League: Gold
  • Spawn Location: 5:00

TheRavager

  • Race: Protoss Protoss
  • League: Silver
  • Spawn Location: 11:00

VOD

Have the link to the VOD?

Description

Time

  • Played on: June 14, 2019, 1:22 a.m.
  • Length: 5:08
Show
View Real Time Build Order
Export as new Build Order

Lateralus Terran - Winner!

Build Orders:  

Get SALT Encoding   

  12  0:01  SCV  
  13  0:13  Supply Depot  
  13  0:18  SCV  
  14  0:30  SCV  
  15  0:36  Barracks  
  15  0:42  SCV  
  16  0:47  Supply Depot  
  16  0:54  SCV  
  17  1:07  SCV  
  18  1:22  SCV  
  18  1:24  Marine  
  20  1:26  Barracks  
  20  1:37  Orbital Command  
  20  1:42  Marine  
  21  1:59  Marine  
  22  2:10  SCV  
  22  2:13  Marine  
  24  2:17  Marine  
  24  2:22  SCV  
  26  2:31  Marine  
  26  2:34  SCV  
  26  2:35  Marine  
  29  2:46  SCV  
  29  2:48  Marine  
  31  3:00  Supply Depot  
  31  3:21  Marine x2  
  28  3:39  Marine  
  26  3:41  SCV  
  23  3:53  SCV  
  23  3:58  Marine  
  23  3:59  Marine  
  25  4:05  SCV  
  26  4:16  Marine x2  
  28  4:17  SCV  
  29  4:29  SCV  
  30  4:34  Marine x2  
  31  4:41  SCV  
  25  4:54  SCV  
Show
View Real Time Build Order
Export as new Build Order

TheRavager Protoss 

Build Orders:  

Get SALT Encoding   

  12  0:04  Probe  
  13  0:12  Probe  
  14  0:37  Pylon  
  14  1:05  Probe  
  15  1:13  Probe  
  15  1:16  Pylon  
  15  1:17  Pylon  
  16  1:19  Pylon  
  16  1:21  Pylon x2  
  16  1:22  Probe  
  17  1:34  Probe  
  18  1:40  Gateway  
  18  1:47  Probe, Gateway  
  19  1:56  Gateway  
  19  1:59  Probe  
  20  2:08  Gateway  
  20  2:11  Probe  
  21  2:21  Gateway  
  21  2:28  Gateway  
  21  2:37  Zealot x2  
  25  2:44  Zealot  
  27  2:58  Zealot  
  29  3:04  Zealot  
  29  3:05  Zealot  
  33  3:17  Zealot x3  
  31  3:48  Zealot  
  29  3:49  Zealot x2  
  31  4:15  Zealot  
  31  4:16  Zealot x2  
  27  4:34  Probe  
  28  4:42  Probe  
  17  4:51  Probe  
Tags
 
Add a new tag
Caveats
  • Supply blocks, unpowered buildings, or Contaminate may cause inaccurate times.
  • Supply counts are checked every 10 seconds.